Map: Ulrena

Players

Jason - Winner!

  • Race: Terran Terran
  • League: Grandmaster

avilo

  • Race: Terran Terran
  • League: Grandmaster

VOD

Have the link to the VOD?

Description

Time

  • Played on: Dec. 27, 2015, 9:18 p.m.
  • Length: 5:06
Show
View Real Time Build Order
Export as new Build Order

Jason Terran - Winner!

Build Orders:  

Get SALT Encoding   

  12  0:01  SCV  
  13  0:13  SCV  
  14  0:17  Supply Depot  
  14  0:25  SCV  
  15  0:39  SCV  
  15  0:41  Barracks  
  16  0:45  Refinery  
  16  0:51  SCV  
  17  1:04  SCV  
  18  1:16  SCV  
  19  1:27  Barracks  
  19  1:30  Reaper, Barracks  
  20  1:34  Bunker  
  20  1:48  Supply Depot  
  20  1:53  Orbital Command  
  20  2:03  Refinery  
  20  2:14  Reaper  
  21  2:23  SCV  
  21  2:25  Marine x2  
  21  2:29  Supply Depot  
  24  2:41  SCV  
  24  2:43  Reaper x2  
  27  2:53  SCV  
  27  2:55  Reaper  
  29  3:05  SCV  
  30  3:15  Marine  
  30  3:17  Reaper  
  31  3:24  SCV  
  31  3:27  Reaper  
  31  3:28  Command Center  
  31  3:33  Reaper  
  33  3:36  SCV  
  34  3:49  Reaper  
  35  3:59  Reaper  
  36  4:05  Reaper  
  35  4:21  SCV, Reaper  
  36  4:24  Barracks  
  36  4:25  Barracks  
  37  4:31  Reaper  
  37  4:36  SCV  
  38  4:48  SCV  
Show
View Real Time Build Order
Export as new Build Order

avilo Terran 

Build Orders:  

Get SALT Encoding   

  12  0:00  SCV  
  13  0:12  SCV  
  14  0:18  Supply Depot  
  14  0:24  SCV  
  15  0:40  SCV  
  16  0:42  Barracks  
  16  0:49  Refinery  
  16  1:02  Barracks  
  16  1:07  SCV  
  17  1:16  Refinery  
  17  1:19  SCV  
  18  1:29  Barracks Tech Lab  
  18  1:35  Orbital Command  
  18  1:48  Marauder  
  18  1:52  Reaper  
  21  2:00  Concussive Shells  
  20  2:03  SCV  
  21  2:16  SCV  
  22  2:29  Supply Depot  
  22  2:32  SCV  
  22  2:34  Factory  
  23  2:50  SCV  
  24  2:52  Supply Depot  
  24  3:02  SCV  
  24  3:23  SCV, Hellion  
  24  3:25  Starport  
  25  3:27  Starport  
  25  3:35  SCV  
  26  3:45  Hellion  
  28  4:06  Hellion  
  29  4:20  SCV  
  31  5:06  Supply Depot  
Tags
 
Add a new tag
Caveats
  • Supply blocks, unpowered buildings, or Contaminate may cause inaccurate times.
  • Supply counts are checked every 10 seconds.